 Dungeon Crawl Stone Soup version 0.28-a0-1286-g6bde065e89 (webtiles) character file.

Game seed: 1112750531469022906

118 blank1 the Chopper (level 4, 0/40 HPs)
             Began as a Minotaur Fighter on Dec 26, 2021.
             Was an Initiate of Okawaru.
             Slain by a kobold brigand (7 damage)
             ... in a sewer.
             The game lasted 00:04:16 (1742 turns).

blank1 the Chopper (Minotaur Fighter)               Turns: 1742, Time: 00:04:17

Health: 0/40       AC:  7    Str: 23    XL:     4   Next: 72%
Magic:  4/4        EV: 10    Int: 11    God:    Okawaru [......]
Gold:   90         SH:  0    Dex:  9    Spells: 3/3 levels left

rFire   . . .      SeeInvis .   o - +1 executioner's axe (vorpal)
rCold   . . .      Faith    .   (shield currently unavailable)
rNeg    . . .      Spirit   .   b - +0 scale mail
rPois   .          Reflect  .   (helmet restricted)
rElec   .          Harm     .   (no cloak)
rCorr   .          Rampage  .   (no gloves)
Will    +....                   (no boots)
Stlth   ..........              (no amulet)
HPRegen 0.13/turn               k - ring of willpower
MPRegen 0.09/turn               p - +6 ring of intelligence

@: brilliant, flying
A: horns 2, retaliatory headbutt
a: Renounce Religion


You were in a sewer.
You worshipped Okawaru.
Okawaru was noncommittal.
You visited 1 branch of the dungeon, and saw 3 of its levels.
You also visited: Sewer.

You collected 90 gold pieces.

Inventory:

Hand Weapons
 a - a +1 war axe
 o - a +1 vorpal executioner's axe (weapon)
Armour
 b - a +0 scale mail (worn)
 c - a +0 buckler
Jewellery
 k - a ring of willpower (left hand)
 p - a +6 ring of intelligence (right hand)
Scrolls
 f - a scroll of identify {unknown}
 i - 2 scrolls of teleportation
 l - a scroll of immolation {unknown}
 m - a scroll of enchant armour {unknown}
 q - a scroll of amnesia {unknown}
Potions
 d - a potion of might
 e - a potion of magic {unknown}
 g - 4 potions of flight
 h - a potion of brilliance
 j - a potion of haste {unknown}
 n - a potion of cancellation {unknown}


   Skills:
 - Level 4.0 Fighting
 + Level 4.1 Axes
 - Level 4.0 Armour
 - Level 2.0 Dodging
 - Level 4.0 Shields
 + Level 1.5 Invocations


You had 3 spell levels left.
You didn't know any spells.
Your spell library contained the following spells:

 Spells                   Type           Power      Damage    Failure   Level
 Shock                    Conj/Air       0%         1d3       65%         1
 Swiftness                Air            0%         N/A       95%         3
 Airstrike                Air            0%         N/A       100%        4


Dungeon Overview and Level Annotations

Branches:
Dungeon (3/15)              Sewer (1/1)

Altars:
Kikubaaqudgha
Okawaru


Innate Abilities, Weirdness & Mutations

You have a pair of horns on your head.
You reflexively headbutt those who attack you in melee.


Message History

The kobold brigand is lightly wounded.
The kobold brigand splashes around in the water. x2
Your unstable footing causes you to fumble your attack.
The kobold brigand hits you but does no damage. x2
Your unstable footing causes you to fumble your attack.
The kobold brigand hits you with a +0 short sword.
Your unstable footing causes you to fumble your attack.
The kobold brigand closely misses you. You furiously retaliate!
You headbutt the kobold brigand.
The kobold brigand hits you with a +0 short sword.
You slash the kobold brigand!
Your headbutt misses the kobold brigand.
The kobold brigand is heavily wounded.
The kobold brigand hits you with a +0 short sword. x2
You barely miss the kobold brigand.
Your headbutt misses the kobold brigand.
The kobold brigand is heavily wounded.
The kobold brigand hits you with a +0 short sword.
* * * LOW HITPOINT WARNING * * *
Your unstable footing causes you to fumble your attack.
The kobold brigand splashes around in the water.
The kobold brigand hits you with a +0 short sword.
* * * LOW HITPOINT WARNING * * *
It was a potion of flight.
You feel very buoyant.
You fly up into the air.
The kobold brigand splashes around in the water.
You miss the kobold brigand.
The kobold brigand is heavily wounded.
The kobold brigand hits you with a +0 short sword.
* * * LOW HITPOINT WARNING * * *
The kobold brigand splashes around in the water.
Unknown command.
It was a potion of brilliance.
You feel clever all of a sudden.
The kobold brigand splashes around in the water.
You miss the kobold brigand. You headbutt the kobold brigand.
The kobold brigand is severely wounded.
The kobold brigand hits you with a +0 short sword!
You die...

#..≈≈......###.###
#.K≈≈≈≈...≈......######
K#≈≈≈≈≈≈≈≈K≈≈≈≈≈≈≈≈≈≈≈≈###
K.≈≈≈≈≈≈≈≈≈≈≈≈≈≈≈≈≈≈≈≈≈≈≈#
#.≈≈≈≈≈≈≈≈≈≈≈≈≈≈≈≈≈≈≈≈≈#
#.≈≈≈≈≈≈≈≈≈≈.≈...#######
#.≈...≈.)).#######
#########K## #@# #≈# #≈#
#≈# #≈# #≈# #≈# #≈# #≈#


You could see 2 kobold brigands.

Vanquished Creatures
  2 adders
  A river rat (Sewer)
  A worm (D:2)
  2 dart slugs (D:2)
  6 bats
  7 endoplasms
  7 giant cockroaches
  6 goblins
  8 hobgoblins
  5 jackals
  8 ball pythons
  2 frilled lizards (D:1)
  13 kobolds
  9 rats
77 creatures vanquished.

Notes
Turn   | Place    | Note
-------+----------+-------------------------------------------
     0 | D:1      | blank1 the Minotaur Fighter began the quest for the Orb.
     0 | D:1      | Reached XP level 1. HP: 19/19 MP: 0/0
   188 | D:1      | Reached XP level 2. HP: 27/27 MP: 1/1
   246 | D:1      | Reached skill level 1 in Dodging
   359 | D:1      | Reached XP level 3. HP: 31/33 MP: 2/2
   534 | D:1      | Found a faded altar of an unknown god.
   830 | D:2      | Found an iron altar of Okawaru.
   839 | D:2      | Became a worshipper of Warmaster Okawaru
   969 | D:2      | Reached XP level 4. HP: 36/40 MP: 3/3
  1261 | D:3      | Reached skill level 1 in Invocations
  1266 | D:3      | Identified a scroll of acquirement
  1266 | D:3      | Acquired a +1 vorpal executioner's axe
  1446 | D:3      | Found an ancient bone altar of Kikubaaqudgha.
  1564 | D:3      | Found a glowing drain.
  1574 | Sewer    | Entered a sewer
  1644 | Sewer    | Noticed a kobold brigand
  1658 | Sewer    | Noticed a kobold brigand
  1742 | Sewer    | Slain by a kobold brigand

Illustrated notes

Levels and vault maps discovered:
D:1:      tarquinn_simple_flora_water_d, layout_rooms,
          shapermc_ecumenical_altar_flowoftime, minmay_pentomino_u2
D:2:      layout_rooms, basic_altar
D:3:      layout_loops_ring, tgw_kikubaaqudgha, portal_sewer_entry_b,
          uniq_jessica
Sewer:    sewer_kobolds

Skill      XL: |  1  2  3  4 |
---------------+-------------+-----
Dodging        | 1 2 |  2.0
Fighting       | 4 |  4.0
Armour         | 4 |  4.0
Shields        | 4 |  4.0
Axes           | 3 4 |  4.1
Invocations    | 1 |  1.5

Action                   |  1- 3 |  4- 6 || total
-------------------------+-------+-------++-------
Melee: War axe           |    86 |    20 ||   106
       Headbutt          |    12 |    10 ||    22
       Executioner's axe |       |    43 ||    43
  Use: Scroll            |       |     3 ||     3
       Potion            |       |     2 ||     2
Armor: Scale mail        |    48 |    31 ||    79
Dodge: Dodged            |    43 |    36 ||    79
Block: Buckler           |    19 |     4 ||    23

Table legend: (Time is in decaauts)
 A = Elapsed time spent in this place.
 B = Non-inter-level travel time spent in this place.
 C = Inter-level travel time spent in this place.
 D = Time resting spent in this place.
 E = Time spent auto-exploring this place.
 F = Levels seen in this place.
 G = Mean time per level.
                   A        B        C        D        E       F      G
               +--------+--------+--------+--------+--------+-----+--------+
         Total |   1849 |   1812 |     37 |      0 |   1286 |   4 |  462.2 |
       Dungeon |   1620 |   1583 |     37 |      0 |   1210 |   3 |  540.0 |
         Sewer |    228 |    228 |      0 |      0 |     75 |   1 |  228.0 |
               +--------+--------+--------+--------+--------+-----+--------+

Top non-repeatable levels by time:
     D:1: 757 daAuts
     D:2: 530 daAuts
     D:3: 332 daAuts
   Sewer: 228 daAuts
